Map: Abyssal Reef LE

Players

llllllllllll - Winner!

  • Race: Protoss Protoss
  • League: Master
  • Spawn Location: 11:00

Jig

  • Race: Zerg Zerg
  • League: Grandmaster
  • Spawn Location: 5:00

VOD

Have the link to the VOD?

Description

Time

  • Played on: Dec. 30, 2017, 2:56 p.m.
  • Length: 7:21
Show
View Real Time Build Order
Export as new Build Order

llllllllllll Protoss - Winner!

Build Orders: 1 Gate Expand 

Get SALT Encoding   

  12  0:01  Probe  
  13  0:13  Probe  
  14  0:20  Pylon  
  14  0:25  Probe  
  15  0:38  Probe (Chrono Boost)  
  15  0:40  Gateway  
  16  0:48  Gateway  
  16  0:49  Probe (Chrono Boost)  
  17  0:53  Assimilator  
  17  0:56  Probe  
  18  1:09  Probe  
  19  1:23  Probe  
  20  1:31  Nexus  
  20  1:41  Cybernetics Core  
  20  1:44  Probe  
  21  1:50  Assimilator  
  21  1:56  Probe  
  21  2:01  Pylon  
  22  2:08  Probe  
  23  2:18  Stalker (Chrono Boost)  
  23  2:20  Warp Gate  
  23  2:22  Probe  
  26  2:34  Probe  
  27  2:38  Robotics Facility  
  27  2:43  Probe  
  28  2:45  Adept  
  30  2:52  Probe  
  30  2:55  Probe  
  32  3:01  Twilight Council  
  33  3:05  Probe  
  33  3:10  Pylon  
  33  3:13  Probe  
  34  3:21  Probe  
  34  3:26  Probe, Charge (Chrono Boost)  
  36  3:32  Immortal (Chrono Boost)  
  36  3:33  Probe  
  41  3:50  Gateway  
  41  3:51  Gateway  
  41  4:00  Gateway  
  41  4:04  Gateway, Warp Prism (Chrono Boost)  
  43  4:14  Gateway  
  43  4:18  Gateway  
  43  4:23  Gateway  
  43  4:27  Pylon  
  43  4:32  Zealot  
  45  4:41  Pylon  
  45  4:46  Zealot  
  45  4:47  Pylon x3  
  47  5:01  Zealot x3  
  53  5:17  Zealot x4  
  61  5:21  Zealot  
  61  5:22  Zealot x2  
  67  5:39  Zealot x5  
  75  5:43  Zealot  
  75  5:48  Zealot x3  
  69  6:03  Zealot  
  69  6:04  Zealot x4  
  77  6:14  Zealot x3  
  69  6:31  Zealot x5  
  61  6:40  Zealot x3  
  67  6:52  Zealot x4  
Show
View Real Time Build Order
Export as new Build Order

Jig Zerg 

Build Orders: Hatch First 

Get SALT Encoding   

  12  0:01  Drone  
  13  0:12  Overlord  
  13  0:17  Drone  
  14  0:31  Drone  
  15  0:47  Hatchery  
  15  0:49  Drone  
  15  0:52  Drone  
  15  0:56  Drone  
  17  1:00  Drone  
  18  1:09  Extractor  
  17  1:15  Spawning Pool  
  16  1:18  Drone  
  16  1:22  Drone  
  18  1:32  Drone  
  19  1:43  Drone  
  20  1:49  Hatchery  
  19  2:00  Drone x2  
  21  2:04  Queen  
  23  2:08  Drone  
  24  2:20  Metabolic Boost  
  24  2:22  Drone x2  
  26  2:26  Overlord  
  26  2:29  Drone  
  27  2:35  Drone  
  28  2:44  Queen  
  28  2:45  Queen  
  28  2:48  Zergling x2  
  28  2:51  Zergling x2  
  34  2:53  Drone  
  34  2:55  Drone  
  36  3:00  Overlord  
  36  3:02  Drone  
  36  3:03  Drone  
  38  3:10  Drone  
  38  3:12  Drone x2  
  41  3:15  Drone  
  41  3:19  Drone x2  
  44  3:23  Drone  
  44  3:26  Drone x2  
  47  3:32  Drone  
  47  3:34  Drone  
  49  3:35  Spore Crawler  
  49  3:36  Drone, Spore Crawler  
  48  3:43  Overlord  
  48  3:46  Drone  
  48  3:47  Drone  
  50  3:53  Extractor  
  50  3:55  Overlord  
  49  3:59  Drone  
  49  4:01  Drone x3  
  49  4:02  Overlord  
  53  4:03  Drone x2  
  53  4:04  Drone  
  53  4:06  Queen  
  53  4:08  Overlord  
  58  4:14  Drone x2  
  60  4:19  Overlord  
  60  4:20  Lair  
  60  4:23  Queen  
  62  4:30  Drone x7  
  69  4:34  Extractor  
  69  4:35  Extractor  
  69  4:36  Roach Warren  
  66  4:41  Evolution Chamber  
  66  4:42  Overlord  
  66  4:43  Evolution Chamber  
  64  4:48  Drone x4  
  64  4:51  Queen  
  70  4:55  Overlord  
  70  4:59  Queen  
  72  5:04  Overlord  
  72  5:08  Zerg Missile Weapons Level 1  
  72  5:17  Roach x6  
  84  5:22  Roach x2  
  84  5:23  Roach  
  84  5:26  Queen  
  92  5:30  Queen  
  92  5:33  Zergling x10  
  99  5:41  Roach x3  
  100  5:49  Roach x3  
  75  5:58  Roach x3  
  75  6:03  Roach x3  
  85  6:12  Roach x3  
  85  6:15  Zergling x4  
  78  6:23  Roach  
  78  6:24  Roach x3, Zergling x2  
  75  6:28  Roach  
  60  6:39  Roach x2  
  47  6:47  Roach  
  45  6:54  Roach x2  
  39  7:03  Zergling x2  
Tags
 
Add a new tag
Caveats
  • Supply blocks, unpowered buildings, or Contaminate may cause inaccurate times.
  • Supply counts are checked every 10 seconds.